MLB
LAS VEGAS HUSTLE @ LOS ANGELES DODGERS
04/23/2098
 
TOP OF THE 1ST
Las Vegas Hustle batting - Pitching for Los Angeles Dodgers : RHP Kyle McLelland
Pitching: RHP Kyle McLelland
Batting: RHB Rick Roberds 0-0: Ball
1-0: Reached on error, E6 (Groundball, 56, EV 87.5 MPH)
Batting: LHB Steve Lawler 0-0: Ball
1-0: Called Strike
1-1: Foul Ball, location: 9LDF
1-2: Fielders Choice at 2nd, 3-6 (Groundball, 3, EV 103.1 MPH)
Batting: RHB John Conway 0-0: Ball
1-0: Called Strike
1-1: Foul Ball, location: 23F
1-2: Foul Ball, location: 2RF
1-2: Strikes out swinging
Batting: RHB Tony Ledezma 0-0: Ball
1-0: Ball
2-0: Ball
3-0: Fly out, F8 (Flyball, 8LD, EV 83.8 MPH)
Top of the 1st over - 0 runs, 0 hits, 1 error, 1 left on base; Las Vegas 0 - Los Angeles 0
BOTTOM OF THE 1ST
Los Angeles Dodgers batting - Pitching for Las Vegas Hustle : RHP Danny Ahlers
Pitching: RHP Danny Ahlers
Batting: RHB Dan Boyd 0-0: Foul Ball, location: 2F
0-1: Foul Ball, location: 9LSF
0-2: Ball
1-2: Foul Ball, location: 2F
1-2: Ball
2-2: Ball
3-2: Ground out 4-3 (Groundball, 4, EV 83.1 MPH)
Batting: LHB Jon Guzman 0-0: Ground out 5-3 (Groundball, 15, EV 91.3 MPH)
Batting: LHB Jose Camacho 0-0: Ball
1-0: Ball
2-0: Called Strike
2-1: Foul Ball, location: 2F
2-2: SINGLE (Groundball, 6S, EV 75.0 MPH) (infield hit)
Batting: LHB Tim Cooke 0-0: Ball
1-0: Foul Ball, location: 3F
1-1: Foul Ball, location: 9LMF
1-2: Strikes out swinging
Bottom of the 1st over - 0 runs, 1 hit, 0 errors, 1 left on base; Las Vegas 0 - Los Angeles 0
TOP OF THE 2ND
Las Vegas Hustle batting - Pitching for Los Angeles Dodgers : RHP Kyle McLelland
Batting: LHB Yazid Deacon 0-0: Ball
1-0: Ball
2-0: Called Strike
2-1: Foul Ball, location: 9LSF
2-2: Strikes out swinging
Batting: SHB Josh Osborne 0-0: Ball
1-0: Called Strike
1-1: Swinging Strike
1-2: Ball
2-2: SINGLE (Line Drive, 89S, EV 103.8 MPH)
Batting: RHB Clint Hurley 0-0: Ball
1-0: Foul Ball, location: 2F
1-1: Swinging Strike
1-2: Ball
2-2: Foul Ball, location: 9LDF
2-2: SINGLE (Line Drive, 5D, EV 104.4 MPH)
Josh Osborne to second
Batting: SHB Jose Espinoza 0-0: Called Strike
0-1: Swinging Strike
0-2: Ball
1-2: Strikes out swinging
Batting: RHB Karl Robbins 0-0: Ball
1-0: Swinging Strike
1-1: Foul Ball, location: 5F
1-2: Ball
2-2: Strikes out swinging
Top of the 2nd over - 0 runs, 2 hits, 0 errors, 2 left on base; Las Vegas 0 - Los Angeles 0
BOTTOM OF THE 2ND
Los Angeles Dodgers batting - Pitching for Las Vegas Hustle : RHP Danny Ahlers
Batting: RHB Brad Horwath 0-0: Ball
1-0: Called Strike
1-1: Ground out 3-1 (Groundball, 34, EV 83.8 MPH)
Batting: LHB Raul Gallegos 0-0: SINGLE (Groundball, 34D, EV 98.8 MPH)
Batting: RHB John Spohn 0-0: Ball
1-0: Ball
2-0: Ball
3-0: Base on Balls
Raul Gallegos to second
Batting: LHB Mike Jessie 0-0: Grounds into double play, 4-6-3 (Groundball, 4, EV 81.3 MPH)
Bottom of the 2nd over - 0 runs, 1 hit, 0 errors, 1 left on base; Las Vegas 0 - Los Angeles 0
TOP OF THE 3RD
Las Vegas Hustle batting - Pitching for Los Angeles Dodgers : RHP Kyle McLelland
Batting: RHB Rick Roberds 0-0: Ball
1-0: Ball
2-0: Foul Ball, location: 25F
2-1: Ground out 5-3 (Groundball, 56D, EV 108.8 MPH)
Batting: LHB Steve Lawler 0-0: Ball
1-0: Swinging Strike
1-1: Ball
2-1: Foul Ball, location: 2F
2-2: Foul Ball, location: 3F
2-2: Strikes out swinging, 2-3 out at first.
Batting: RHB John Conway 0-0: Called Strike
0-1: Foul Ball, location: 3F
0-2: Strikes out swinging
Top of the 3rd over - 0 runs, 0 hits, 0 errors, 0 left on base; Las Vegas 0 - Los Angeles 0
BOTTOM OF THE 3RD
Los Angeles Dodgers batting - Pitching for Las Vegas Hustle : RHP Danny Ahlers
Batting: SHB Freddie Mitchell 0-0: Called Strike
0-1: Called Strike
0-2: Ball
1-2: Strikes out swinging
Batting: RHB Dan Boyd 0-0: SINGLE (Line Drive, 8RS, EV 103.8 MPH)
Batting: LHB Jon Guzman 0-0: Ball
1-0: Ball
2-0: Called Strike
2-1: Foul Ball, location: 2F
2-2: Strikes out looking
Batting: LHB Jose Camacho 0-0: Called Strike
0-1: Foul Ball, location: 25FF
0-2: Ball
1-2: Foul Ball, location: 2F
1-2: Ground out U3 (Groundball, 34S, EV 86.9 MPH)
Bottom of the 3rd over - 0 runs, 1 hit, 0 errors, 1 left on base; Las Vegas 0 - Los Angeles 0
TOP OF THE 4TH
Las Vegas Hustle batting - Pitching for Los Angeles Dodgers : RHP Kyle McLelland
Batting: RHB Tony Ledezma 0-0: Called Strike
0-1: Ball
1-1: Fly out, F7 (Flyball, 7D, EV 101.3 MPH)
Batting: LHB Yazid Deacon 0-0: Called Strike
0-1: SINGLE (Line Drive, 5L, EV 110.0 MPH)
Batting: SHB Josh Osborne 0-0: Foul Ball, location: 23FF
0-1: Swinging Strike
0-2: Strikes out swinging
Batting: RHB Clint Hurley 0-0: Ball
1-0: Ball
2-0: Called Strike
2-1: Foul Ball, location: 2F
2-2: Foul Ball, location: 2F
2-2: Fly out, F3 (Popup, 34S, EV 78.1 MPH)
Top of the 4th over - 0 runs, 1 hit, 0 errors, 1 left on base; Las Vegas 0 - Los Angeles 0
BOTTOM OF THE 4TH
Los Angeles Dodgers batting - Pitching for Las Vegas Hustle : RHP Danny Ahlers
Batting: LHB Tim Cooke 0-0: Ball
1-0: Ball
2-0: Swinging Strike
2-1: Ball
3-1: Swinging Strike
3-2: Strikes out swinging
Batting: RHB Brad Horwath 0-0: Ball
1-0: Foul Ball, location: 2F
1-1: Ball
2-1: Foul Ball, location: 9LMF
2-2: Foul Ball, location: 2F
2-2: Foul Ball, location: 9LSF
2-2: Strikes out looking
Batting: LHB Raul Gallegos 0-0: Called Strike
0-1: Called Strike
0-2: Fly out, F5 (Popup, 5SF, EV 74.4 MPH)
Bottom of the 4th over - 0 runs, 0 hits, 0 errors, 0 left on base; Las Vegas 0 - Los Angeles 0
TOP OF THE 5TH
Las Vegas Hustle batting - Pitching for Los Angeles Dodgers : RHP Kyle McLelland
Batting: SHB Jose Espinoza 0-0: Foul Ball, location: 23FF
0-1: Ball
1-1: Called Strike
1-2: Foul Ball, location: 25F
1-2: Foul Ball, location: 3FF
1-2: Ground out U3 (Groundball, 3L, EV 106.9 MPH)
Batting: RHB Karl Robbins 0-0: Ball
1-0: Ball
2-0: Called Strike
2-1: Ground out 6-3 (Groundball, 6, EV 78.8 MPH)
Batting: RHB Rick Roberds 0-0: SINGLE (Groundball, 5D, EV 99.4 MPH)
Batting: LHB Steve Lawler 0-0: Ball
1-0: Foul Ball, location: 2F
1-1: Ball
2-1: Ground out U3 (Groundball, 3, EV 86.3 MPH)
Top of the 5th over - 0 runs, 1 hit, 0 errors, 1 left on base; Las Vegas 0 - Los Angeles 0
BOTTOM OF THE 5TH
Los Angeles Dodgers batting - Pitching for Las Vegas Hustle : RHP Danny Ahlers
Batting: RHB John Spohn 0-0: Called Strike
0-1: Called Strike
0-2: Strikes out looking
Batting: LHB Mike Jessie 0-0: Called Strike
0-1: Ball
1-1: Ball
2-1: Ground out 4-3 (Groundball, 4, EV 94.4 MPH)
Batting: SHB Freddie Mitchell 0-0: Ball
1-0: Foul Ball, location: 2F
1-1: Ground out 3-1 (Groundball, 34, EV 110.6 MPH)
Bottom of the 5th over - 0 runs, 0 hits, 0 errors, 0 left on base; Las Vegas 0 - Los Angeles 0
TOP OF THE 6TH
Las Vegas Hustle batting - Pitching for Los Angeles Dodgers : RHP Kyle McLelland
Pitching: RHP Sean McNees
Batting: RHB John Conway 0-0: Swinging Strike
0-1: Called Strike
0-2: Ball
1-2: Strikes out swinging
Batting: RHB Tony Ledezma 0-0: Ball
1-0: Swinging Strike
1-1: Fly out, F8 (Flyball, 8LD, EV 90.6 MPH)
Batting: LHB Yazid Deacon 0-0: Ball
1-0: Ball
2-0: Ground out U3 (Groundball, 3, EV 90.6 MPH)
Top of the 6th over - 0 runs, 0 hits, 0 errors, 0 left on base; Las Vegas 0 - Los Angeles 0
BOTTOM OF THE 6TH
Los Angeles Dodgers batting - Pitching for Las Vegas Hustle : RHP Danny Ahlers
Batting: RHB Dan Boyd 0-0: Called Strike
0-1: Foul Ball, location: 2F
0-2: Ball
1-2: Ball
2-2: Fly out, F8 (Flyball, 8LM, EV 81.9 MPH)
Batting: LHB Jon Guzman 0-0: Called Strike
0-1: Ball
1-1: Called Strike
1-2: Ball
2-2: Ball
3-2: Base on Balls
Batting: LHB Jose Camacho 0-0: Ball
1-0: SINGLE (Groundball, 4MD, EV 103.8 MPH)
Jon Guzman to second
Batting: LHB Tim Cooke 0-0: Called Strike
0-1: Foul Ball, location: 3FF
0-2: Ball
1-2: Fly out, F7 (Flyball, 78S, EV 85.0 MPH)
Batting: RHB Brad Horwath 0-0: Called Strike
0-1: Foul Ball, location: 9LDF
0-2: Foul Ball, location: 2F
0-2: Strikes out swinging
Bottom of the 6th over - 0 runs, 1 hit, 0 errors, 2 left on base; Las Vegas 0 - Los Angeles 0
TOP OF THE 7TH
Las Vegas Hustle batting - Pitching for Los Angeles Dodgers : RHP Sean McNees
Batting: SHB Josh Osborne 0-0: Swinging Strike
0-1: SOLO HOME RUN (Flyball, 89XD, EV 96.3 MPH), Distance : 374 ft
Batting: RHB Clint Hurley 0-0: Called Strike
0-1: Ball
1-1: Foul Ball, location: 3DF
1-2: Foul Ball, location: 9LSF
1-2: Ball
2-2: Foul Ball, location: 9LDF
2-2: Strikes out swinging
Batting: SHB Jose Espinoza 0-0: Foul Ball, location: 5DF
0-1: Called Strike
0-2: Ball
1-2: Ball
2-2: SINGLE (Line Drive, 7LM, EV 96.9 MPH)
Batting: RHB Karl Robbins 0-0: Called Strike
0-1: Ball
1-1: Fly out, F8 (Flyball, 78M, EV 79.4 MPH)
Batting: RHB Rick Roberds 0-0: Ball
1-0: Foul Ball, location: 9LMF
1-1: Foul Ball, location: 9LMF
1-2: Foul Ball, location: 5FF
1-2: Ball
2-2: Foul Ball, location: 5F
2-2: Strikes out looking
Top of the 7th over - 1 run, 2 hits, 0 errors, 1 left on base; Las Vegas 1 - Los Angeles 0
BOTTOM OF THE 7TH
Los Angeles Dodgers batting - Pitching for Las Vegas Hustle : RHP Danny Ahlers
Batting: LHB Raul Gallegos 0-0: Ball
1-0: Called Strike
1-1: Swinging Strike
1-2: Ball
2-2: Foul Ball, location: 2F
2-2: Ball
3-2: Strikes out swinging
Batting: RHB John Spohn 0-0: Called Strike
0-1: Foul Ball, location: 3F
0-2: Foul Ball, location: 2F
0-2: Foul Ball, location: 2F
0-2: Ball
1-2: Ball
2-2: Ball
3-2: SINGLE (Line Drive, 78S, EV 85.6 MPH)
Batting: LHB Mike Jessie 0-0: Called Strike
0-1: Called Strike
0-2: Strikes out swinging
Pitching: LHP Matt Osborne
Pinch Hitting: RHB Victor Salinas 0-0: Called Strike
0-1: Swinging Strike
0-2: Foul Ball, location: 5DF
0-2: Strikes out swinging
Bottom of the 7th over - 0 runs, 1 hit, 0 errors, 1 left on base; Las Vegas 1 - Los Angeles 0
TOP OF THE 8TH
Las Vegas Hustle batting - Pitching for Los Angeles Dodgers : RHP Sean McNees
Pitching: LHP Alex Alcerro
Now in CF: Bryan Uplinger
Pinch Hitting: RHB Anton Ortega 0-0: Ball
1-0: Swinging Strike
1-1: Ball
2-1: Called Strike
2-2: Strikes out swinging
Batting: RHB John Conway 0-0: Called Strike
0-1: Foul Ball, location: 2F
0-2: Ball
1-2: DOUBLE (Flyball, 78XD, EV 95.6 MPH)
Batting: RHB Tony Ledezma 0-0: Intentional Walk
Batting: LHB Yazid Deacon 0-0: Ball
1-0: Swinging Strike
1-1: Ball
2-1: Swinging Strike
2-2: Grounds into double play, 6-4-3 (Groundball, 6, EV 91.9 MPH)
Top of the 8th over - 0 runs, 1 hit, 0 errors, 1 left on base; Las Vegas 1 - Los Angeles 0
BOTTOM OF THE 8TH
Los Angeles Dodgers batting - Pitching for Las Vegas Hustle : LHP Matt Osborne
Now in LF: Norge Carlos Hernandez
Batting: RHB Dan Boyd 0-0: Ground out 4-3 (Groundball, 34, EV 101.3 MPH)
Batting: LHB Jon Guzman 0-0: Ball
1-0: Called Strike
1-1: Called Strike
1-2: Foul Ball, location: 2F
1-2: Foul Ball, location: 23FF
1-2: Ball
2-2: Ball
3-2: Base on Balls
Pinch Hitting: RHB Luis Lozada 0-0: Foul Ball, location: 5FF
0-1: Swinging Strike
0-2: Ball
1-2: Ball
2-2: Ball
3-2: Fly out, F9 (Flyball, 89M, EV 88.8 MPH)
Batting: RHB Ron Ascencio 0-0: Foul Ball, location: 23F
0-1: Swinging Strike
0-2: Foul Ball, location: 2F
0-2: SINGLE (Line Drive, 6D, EV 95.6 MPH)
Jon Guzman to second
Runner from 2nd tries for 3rd, SAFE, no throw by LF
Batting: RHB Brad Horwath 0-0: Ball
1-0: Swinging Strike
1-1: Swinging Strike
1-2: Strikes out swinging
Bottom of the 8th over - 0 runs, 1 hit, 0 errors, 2 left on base; Las Vegas 1 - Los Angeles 0
TOP OF THE 9TH
Las Vegas Hustle batting - Pitching for Los Angeles Dodgers : LHP Alex Alcerro
Pitching: LHP Mike Rumschlag
Now at 1B: Brad Horwath
Now at 3B: Luis Lozada
Batting: SHB Josh Osborne 0-0: Called Strike
0-1: Ball
1-1: Ball
2-1: Ball
3-1: Base on Balls
Batting: RHB Clint Hurley 0-0: Called Strike
0-1: Foul Ball, location: 25FF
0-2: Ball
1-2: Ball
2-2: Ball
3-2: Foul Ball, location: 2F
3-2: Base on Balls
Josh Osborne to second
Batting: SHB Jose Espinoza 0-0: Fly out, F8 (Flyball, 8RXD, EV 87.5 MPH)
Runner from 2nd tags up, SAFE at 3rd, no throw by CF
Pitching: RHP Eric Beattie
Batting: RHB Karl Robbins 0-0: SINGLE (Line Drive, 78S, EV 98.1 MPH)
Josh Osborne scores
Clint Hurley to second
Batting: RHB Rick Roberds 0-0: Ball
1-0: Foul Ball, location: 2F
1-1: Foul Ball, location: 2F
1-2: Ball
2-2: Foul Ball, location: 2F
2-2: Foul Ball, location: 2F
2-2: Grounds into double play, 4-6-3 (Groundball, 34, EV 90.6 MPH)
Top of the 9th over - 1 run, 1 hit, 0 errors, 1 left on base; Las Vegas 2 - Los Angeles 0
BOTTOM OF THE 9TH
Los Angeles Dodgers batting - Pitching for Las Vegas Hustle : LHP Matt Osborne
Pitching: RHP Jerry Perez
Batting: LHB Raul Gallegos 0-0: Ball
1-0: Swinging Strike
1-1: Foul Ball, location: 3FF
1-2: DOUBLE (Line Drive, 7LM, EV 91.9 MPH)
Batting: RHB John Spohn 0-0: Ball
1-0: Ball
2-0: Foul Ball, location: 9LMF
2-1: Ball
3-1: Foul Ball, location: 2F
3-2: Strikes out swinging
Batting: LHB Mike Jessie 0-0: Ball
1-0: Ball
2-0: Called Strike
2-1: Ball
3-1: Base on Balls
Batting: RHB Bryan Uplinger 0-0: Fly out, F8 (Line Drive, 8LD, EV 92.5 MPH)
Runner from 2nd tags up, SAFE at 3rd with throw by CF
Batting: RHB Dan Boyd 0-0: Ball
1-0: Foul Ball, location: 2F
1-1: Ball
2-1: Fly out, F9 (Flyball, 89M, EV 82.5 MPH)
Bottom of the 9th over - 0 runs, 1 hit, 0 errors, 2 left on base; Las Vegas 2 - Los Angeles 0
Tuesday, April 2nd , 2024 - OOTP Baseball 24.11 Build 85